 Dungeon Crawl Stone Soup version 0.30-a0-310-g7d6cbdfea6 (webtiles) character file.

Game seed: 2123734238353936659

109 timneilson the Covered (level 4, -4/28 HPs)
             Began as a Gargoyle Fighter on Oct 24, 2022.
             Killed from afar by Sigmund (9 damage)
             ... with a bolt of light
             ... on level 2 of the Dungeon.
             The game lasted 00:05:12 (1328 turns).

timneilson the Covered (Gargoyle Fighter)           Turns: 1328, Time: 00:05:13

Health: -4/28      AC: 11    Str: 22    XL:     4   Next: 89%
Magic:  4/4        EV:  9    Int:  8    God:
Gold:   75         SH:  5    Dex:  9    Spells: 3/3 levels left

rFire   . . .      SeeInvis .    a - +0 long sword
rCold   . . .      Faith    .    c - +1 buckler
rNeg    + . .      Spirit   .    b - +0 scale mail
rPois   ∞          Reflect  .    k - +0 helmet
rElec   +          Harm     .    (no cloak)
rCorr   .          Rampage  .    (no gloves)
Will    .....                    (no boots)
Stlth   ..........               (no amulet)
HPRegen 0.24/turn                (no ring)
MPRegen 0.09/turn                (no ring)

@: mighty
A: sickness immunity, AC +3, negative energy resistance 1, electricity
resistance, torment resistance 1, petrification resistance
a: no special abilities


You were on level 2 of the Dungeon.
You visited 1 branch of the dungeon, and saw 2 of its levels.

You collected 75 gold pieces.

Inventory:

Hand Weapons
 a - a +0 long sword (weapon)
Armour
 b - a +0 scale mail (worn)
 c - a +1 buckler (worn)
 k - a +0 helmet (worn)
Wands
 j - a wand of light (5)
Scrolls
 f - 2 scrolls of blinking {unknown}
 h - a scroll of poison {unknown}
 i - a scroll of teleportation {unknown}
Potions
 e - a potion of invisibility
 g - 2 potions of mutation


   Skills:
 + Level 3.6 Fighting
 * Level 2.5 Long Blades
 * Level 4.2 Armour
 + Level 1.0 Dodging
 * Level 4.2 Shields
 + Level 0.0 Evocations


You had 3 spell levels left.
You didn't know any spells.
Your spell library was empty.

Dungeon Overview and Level Annotations

Branches:
Dungeon (2/15)

Altars:

Annotations:
D:2 Sigmund


Innate Abilities, Weirdness & Mutations

You are immune to sickness and miasma.
Your stone body is resilient. (AC +3)
You are immune to poison.
You resist negative energy. (rN+)
You are resistant to electric shocks. (rElec)
You are resistant to unholy torment.
You are immune to petrification.


Message History

Things that are here:
a +0 dagger; a +0 animal skin; a +0 helmet
k - a +0 helmet
Things that are here:
a +0 club; a +0 sling; a goblin corpse You start putting on your armour.
You continue putting on your +0 helmet. x4
You finish putting on your +0 helmet.
f - 2 scrolls labelled VICUDA QAWIRUH (gained 1)
Found a stone staircase leading down.
You now have 75 gold pieces (gained 5).
Found 6 javelins.
Found an escape hatch in the ceiling.
Found a robe.
Found a stone staircase leading up.
You see here a +0 robe.
An endoplasm comes into view.
The endoplasm quivers.
You slash the endoplasm!
You kill the endoplasm!
Sigmund the Dreaded comes into view.
He is wielding a +0 scythe and carrying a wand of light (2).
Sigmund shouts!
You feel very mighty all of a sudden. Sigmund gestures at you while chanting.
The magic dart hits you.
Sigmund casts a spell.
Sigmund flickers and vanishes!
Deactivating autopickup; reactivate with Ctrl-A.
You hear a zap.
A bolt of light appears from out of thin air!
The bolt of light hits you!
Ouch! That really hurt!
* * * LOW HITPOINT WARNING * * *
Something hits you.
* * * LOW HITPOINT WARNING * * *
You miss something. Something hits you but does no damage.
You slash something!
You hear a zap.
A bolt of light appears from out of thin air!
The bolt of light hits you!
You die...

#.#####.#######
#............
#.###.#######
#.#.........#
#.#.#.#####.#
#.#.#.# #.#.#.#
#.#.#.# #@#.#.#
#{#...# #.#. .#
#.# #.. ###


There were no monsters in sight!

Vanquished Creatures
  Jessica (D:2)
  Robin (D:2)
  A dart slug (D:1)
  5 endoplasms
  4 giant cockroaches
  11 goblins
  9 hobgoblins
  5 kobolds
  4 quokkas
  9 ball pythons
  5 bats
  3 frilled lizards (D:1)
  2 rats (D:1)
60 creatures vanquished.

Vanquished Creatures (others)
  2 hobgoblins (D:2)
2 creatures vanquished.

Grand Total: 62 creatures vanquished

Notes
Turn   | Place    | Note
-------+----------+-------------------------------------------
     0 | D:1      | timneilson the Gargoyle Fighter began the quest for the
                  | Orb.
     0 | D:1      | Reached XP level 1. HP: 14/14 MP: 1/1
   121 | D:1      | Reached XP level 2. HP: 19/19 MP: 2/2
   249 | D:1      | Reached XP level 3. HP: 21/23 MP: 3/3
  1065 | D:2      | Reached XP level 4. HP: 28/28 MP: 4/4
  1077 | D:2      | Noticed Jessica
  1079 | D:2      | Noticed Robin
  1100 | D:2      | HP: 1/28 [Robin/bolt of light (18)]
  1109 | D:2      | Killed Robin
  1131 | D:2      | Killed Jessica
  1132 | D:2      | Reached skill level 1 in Dodging
  1321 | D:2      | Noticed Sigmund
  1328 | D:2      | Killed from afar by Sigmund

Illustrated notes

Levels and vault maps discovered:
D:1:      heliophobic_arrival_enchanted_forest, layout_basic,
          minmay_pentomino_p4
D:2:      layout_basic, lemuel_flame_loot_1, uniq_sigmund, uniq_jessica,
          uniq_robin

Skill      XL: |  1  2  3  4 |
---------------+-------------+-----
Long Blades    | 2 |  2.5
Armour         | 4 |  4.2
Shields        | 4 |  4.2
Dodging        | 1 |  1.0
Fighting       | |  3.6

Action                   |  1- 3 |  4- 6 || total
-------------------------+-------+-------++-------
Melee: Long sword        |   179 |    45 ||   224
  Use: Scroll            |     5 |       ||     5
       Potion            |     1 |     2 ||     3
Armor: Scale mail        |   117 |    24 ||   141
Dodge: Dodged            |    75 |    19 ||    94
Block: Buckler           |    50 |    14 ||    64

Table legend: (Time is in decaauts)
 A = Elapsed time spent in this place.
 B = Non-inter-level travel time spent in this place.
 C = Inter-level travel time spent in this place.
 D = Time resting spent in this place.
 E = Time spent auto-exploring this place.
 F = Levels seen in this place.
 G = Mean time per level.
                   A        B        C        D        E       F      G
               +--------+--------+--------+--------+--------+-----+--------+
         Total |   1401 |   1383 |     18 |      0 |    819 |   2 |  700.5 |
       Dungeon |   1401 |   1383 |     18 |      0 |    819 |   2 |  700.5 |
               +--------+--------+--------+--------+--------+-----+--------+

Top non-repeatable levels by time:
     D:1: 922 daAuts
     D:2: 478 daAuts
